AoeStats
← -(-0-0-)-+(,_o)+$(*^_^*)$

MegaRandom

507521011Analyzed
2v2 RM · 13d ago on Sep 18, 2026· 47m 54s· 4 players
Game mode
Random Map
Map size
Medium (4 player)
Population
200
Speed
Normal
Resources
Standard
Victory
Conquest
Starting age
Dark Age
Ending age
Imperial Age
RankedLock teamsTeams togetherTeam positionsShared explorationLock speedFull tech treeHidden civsTurbo modeCheats
Victory
Defeat
🇪🇸 Teutons · Spain
869
+17
🇪🇸 Berbers · Spain
868
+17
🇲🇽 Magyars · Mexico
915
-18
864
-16
Viking_Santako
7:09 Loom
13:21 Feudal Age
14:13 Double-Bit Axe
20:22 Castle Age
22:03 Bow Saw
23:51 Bloodlines
23:42 Husbandry
26:55 Scale Barding Armor
29:41 Wheelbarrow
34:21 Stone Mining
36:10 Chain Barding Armor
36:01 Forging
40:43 Imperial Age
39:13 Hand Cart
41:22 Iron Casting
42:03 Heavy Scorpion
44:57 Cavalier
46:19 Plate Barding Armor
46:45 Blast Furnace
48:29 Siege Engineers
gosi1991
5:36 Loom
10:27 Feudal Age
11:13 Double-Bit Axe
18:14 Castle Age
17:12 Stone Mining
19:38 Bow Saw
23:50 Horse Collar
28:52 Wheelbarrow
28:20 Scale Mail Armor
31:20 Hand Cart
32:11 Chain Mail Armor
32:07 Forging
33:50 Forging
33:52 Heavy Plow
35:30 Iron Casting
34:58 Gold Mining
35:35 Town Watch
36:07 Caravan
40:31 Imperial Age
40:38 Elite Teutonic Knight
41:41 Conscription
45:56 Chemistry
48:33 Plate Mail Armor
49:05 Blast Furnace
NIXXT103
10:44 Feudal Age
9:01 Loom
11:23 Double-Bit Axe
17:30 Castle Age
15:47 Gold Mining
16:29 Scale Barding Armor
18:32 Bow Saw
18:27 Horse Collar
21:52 Stone Mining
24:31 Bloodlines
-(-0-0-)-+(,_o)+$(*^_^*)$
0:54 Loom
13:52 Feudal Age
17:14 Forging
18:35 Double-Bit Axe
18:56 Scale Mail Armor
22:33 Castle Age
24:40 Iron Casting
25:38 Chain Mail Armor
37:59 Wheelbarrow
37:10 Town Watch
37:40 Bow Saw
37:12 Horse Collar
37:25 Gold Mining
40:27 Imperial Age
38:11 Town Patrol
39:50 Hand Cart
40:40 Gold Shaft Mining
40:43 Fletching
41:53 Conscription
41:52 Stone Mining
43:25 Blast Furnace
42:24 Elite Samurai
45:51 Plate Mail Armor
Connection lost

Rejoining the realm…

Still unreachable

The connection could not be restored.

Session expired

The server has moved on; the page needs a fresh start.